[Event "Early-Titled-Tuesday-Blitz-October-10-2023"]
[Site "Chess.com"]
[Date "2023.10.10"]
[Round "9"]
[White "ExchangeAB"]
[Black "Xqswdc"]
[Result "1-0"]
[WhiteElo "2501"]
[BlackElo "2333"]
[TimeControl "180+1"]
[EndTime "9:40:53 PDT"]
[Termination "ExchangeAB won by resignation"]

1. d4 Nf6 2. Nc3 d5 3. Bf4 c5 4. e3 Nc6 5. Nb5 e5 6. Bxe5 Nxe5 7. dxe5 Ne4 8. Qxd5 Qxd5 9. Nc7+ Kd8 10. Nxd5 Be6 11. Nf4 Kc7 12. Nxe6+ fxe6 13. h4 Be7 14. Rh3 c4 15.
Bxc4 Bb4+ 16. Ke2 Rhf8 17. Rf3 Nd2 18. Rxf8 Rxf8 19. Bd3 b5 20. b3 Kb6 21. Rd1 h6 22. Nh3 g5 23. hxg5 hxg5 24. Rxd2 g4 25. Nf4 Bxd2 26. Kxd2 Kc6 27. b4 a6 28. Be4+ Kd7 29.
Kd3 a5 30. bxa5 Rc8 31. a6 1-0

[Event "Early-Titled-Tuesday-Blitz-October-10-2023"]
[Site "Chess.com"]
[Date "2023.10.10"]
[Round "9"]
[White "m_ezat"]
[Black "pirulillo"]
[Result "1-0"]
[WhiteElo "2487"]
[BlackElo "2338"]
[TimeControl "180+1"]
[EndTime "9:40:54 PDT"]
[Termination "m_ezat won by resignation"]

1. e4 c5 2. d4 cxd4 3. c3 dxc3 4. Nxc3 e6 5. Nf3 Nc6 6. Bd3 Qc7 7. O-O Nf6 8. Qe2 Ng4 9. g3 a6 10. Bf4 Bd6 11. Nd5 Qb8 12. Nb6 Bxf4 13. Nxa8 Qxa8 14. gxf4 Qb8 15. e5 h5 16. Ng5 b5 17. h3 Nh6 18.
Be4 Bb7 19. Rad1 g6 20. Rd6 Ne7 21. Rfd1 Bxe4 22. Nxe4 O-O 23. Nf6+ Kg7 24. Nxd7 Qa8 25. Nxf8 Nd5 26. R1xd5 exd5 27. Nd7 Nf5 28. e6 Nxd6 29. Qe5+ Kh6 30. Qxd6 fxe6 31. Ne5 d4 32. Qxe6 Qe4 33. Nf7+ Kg7 34. Qxe4 1-0

[Event "Early-Titled-Tuesday-Blitz-October-10-2023"]
[Site "Chess.com"]
[Date "2023.10.10"]
[Round "9"]
[White "combidharma"]
[Black "ContrVersia"]
[Result "0-1"]
[WhiteElo "2663"]
[BlackElo "2881"]
[TimeControl "180+1"]
[EndTime "9:40:55 PDT"]
[Termination "ContrVersia won by resignation"]

1. d4 Nf6 2. Bf4 e6 3. e3 c5 4.
c3 Be7 5. Nf3 O-O 6. Nbd2 b6 7.
Bd3 Ba6 8. Qe2 Bxd3 9. Qxd3 cxd4 10. exd4 d6 11. O-O-O Nbd7 12. h4 Ng4 13. Bg3 a6 14.
h5 h6 15. Qe4 Ndf6 16. Qe2 Nd5 17. Ne1 Ngf6 18. Nd3 b5 19. Bh4 Qa5 20. Kb1 Qxc3 21. Bxf6 Bxf6 22. Ne4 Qxd4 23. Ndc5 Qxb2+ 24. Qxb2 Bxb2 25. Nd7 Rfd8 26. Rxd5 exd5 27. Nb6 dxe4 28. Nxa8 Bd4 0-1

[Event "Early-Titled-Tuesday-Blitz-October-10-2023"]
[Site "Chess.com"]
[Date "2023.10.10"]
[Round "9"]
[White "NovikovaGalina"]
[Black "Larina_Maria"]
[Result "1-0"]
[WhiteElo "2419"]
[BlackElo "2198"]
[TimeControl "180+1"]
[EndTime "9:41:02 PDT"]
[Termination "NovikovaGalina won by resignation"]

1. e4 c6 2. d4 d5 3. e5 Bf5 4.
Nc3 e6 5. g4 Bg6 6. Nge2 h6 7.
h4 c5 8. Nf4 Bh7 9. Be3 cxd4 10. Bxd4 Nc6 11. Bd3 Bxd3 12. Qxd3 a6 13. O-O-O Rc8 14.
Rhe1 Nxd4 15. Qxd4 Bc5 16. Qd3 Bxf2 17. Rf1 Bxh4 18.
Nfxd5 exd5 19. e6 Nf6 20. exf7+ Kxf7 21. Nxd5 Rf8 22. Qb3 Kg6 23. Nf4+ Kh7 24. Rxd8 Rcxd8 25. Ne6 Ne4 26. Nxf8+ Kh8 27. Ng6+ Kh7 28. Nxh4 1-0

[Event "Early-Titled-Tuesday-Blitz-October-10-2023"]
[Site "Chess.com"]
[Date "2023.10.10"]
[Round "9"]
[White "lolo9292"]
[Black "RianKapriaga"]
[Result "0-1"]
[WhiteElo "2152"]
[BlackElo "2311"]
[TimeControl "180+1"]
[EndTime "9:41:34 PDT"]
[Termination "RianKapriaga won by resignation"]

1. d4 f5 2. g4 d5 3. g5 e6 4. Nf3 Nd7 5. Bf4 Bd6 6. e3 Ne7 7. h4 Ng6 8. Bg3 Bxg3 9. fxg3 c5 10. c3 Qc7 11. Kf2 O-O 12. Bd3 e5 13. h5 Ne7 14.
Bb5 Nc6 15. dxe5 Ndxe5 16. Qxd5+ Kh8 17. Bxc6 Ng4+ 18. Ke2 bxc6 19. Qd3 Re8 20. h6 Rxe3+ 21. Qxe3 Nxe3 22. hxg7+ Kxg7 23. Kxe3 Qxg3 24. Nd2 Ba6 25. Rhg1 Re8+ 0-1

[Event "Early-Titled-Tuesday-Blitz-October-10-2023"]
[Site "Chess.com"]
[Date "2023.10.10"]
[Round "9"]
[White "Wizard_97"]
[Black "Manukyan_Artak"]
[Result "1-0"]
[WhiteElo "2578"]
[BlackElo "2469"]
[TimeControl "180+1"]
[EndTime "9:41:35 PDT"]
[Termination "Wizard_97 won by resignation"]

1. e4 c6 2. d4 d5 3. Nd2 dxe4 4. Nxe4 Nf6 5. Nxf6+ exf6 6. c3 Bd6 7. Bd3 Na6 8. Ne2 Nc7 9. O-O Nd5 10. a3 O-O 11. c4 Ne7 12. Ng3 f5 13. Ne2 g6 14. Bh6 Re8 15.
Qc2 f6 16. Rfe1 g5 17. f4 g4 18. Ng3 Bc7 19. Qc3 Bb6 20. c5 Nd5 21. Qd2 Rxe1+ 22. Rxe1 Bc7 23. Bxf5 Bxf5 24. Nxf5 Qd7 25. Qd3 Re8 26. Re4 Kf7 27. Ng3 Nxf4 28. Bxf4 Bxf4 29. Rxf4 1-0

[Event "Early-Titled-Tuesday-Blitz-October-10-2023"]
[Site "Chess.com"]
[Date "2023.10.10"]
[Round "9"]
[White "almaguerjm"]
[Black "viktorskliarov"]
[Result "0-1"]
[WhiteElo "2506"]
[BlackElo "2641"]
[TimeControl "180+1"]
[EndTime "9:41:46 PDT"]
[Termination "viktorskliarov won by resignation"]

1. e4 c5 2. Nf3 Nc6 3. d4 cxd4 4. Nxd4 Nf6 5. Nc3 e5 6. Ndb5 d6 7. Nd5 Nxd5 8. exd5 Nb8 9. c4 Be7 10. Be3 a6 11. Nc3 O-O 12. Be2 Bg5 13. Qd2 Bxe3 14. Qxe3 Nd7 15. O-O f5 16. f4 exf4 17. Qxf4 Qb6+ 18.
Kh1 Qxb2 19. Qg3 Qb6 20. Rab1 Qc7 21. Bd3 Ne5 22. Na4 f4 23. Rxf4 Rxf4 24. Bxh7+ Kxh7 25. Qxf4 Qxc4 0-1

[Event "Early-Titled-Tuesday-Blitz-October-10-2023"]
[Site "Chess.com"]
[Date "2023.10.10"]
[Round "9"]
[White "Itk04"]
[Black "Bilan_Danila"]
[Result "1-0"]
[WhiteElo "2751"]
[BlackElo "2590"]
[TimeControl "180+1"]
[EndTime "9:41:56 PDT"]
[Termination "Itk04 won by resignation"]

1. d4 d5 2. c4 c6 3. Nf3 Nf6 4. g3 Bf5 5. Nc3 e6 6. Nh4 Be4 7. f3 Bg6 8. Qb3 Qc8 9. Bg5 Nbd7 10. Bh3 Bd6 11. cxd5 cxd5 12. Nb5 Qc6 13. Rc1 Qb6 14. Bd2 Bb8 15. Rc8+ Ke7 16. Bb4+ 1-0

[Event "Early-Titled-Tuesday-Blitz-October-10-2023"]
[Site "Chess.com"]
[Date "2023.10.10"]
[Round "9"]
[White "RETURNOFTHELAGGER"]
[Black "Krakozia"]
[Result "0-1"]
[WhiteElo "2689"]
[BlackElo "2984"]
[TimeControl "180+1"]
[EndTime "9:41:57 PDT"]
[Termination "Krakozia won by resignation"]

1. e4 c5 2. Nf3 e6 3. b3 a6 4. Bb2 d5 5. exd5 exd5 6. d4 Nf6 7. h3 Nc6 8. Bd3 Be7 9. O-O O-O 10. dxc5 Bxc5 11.
Nbd2 h6 12. c4 Be6 13. Rc1 d4 14. a3 a5 15. Re1 Qd6 16. Ne4 Nxe4 17. Rxe4 Rad8 18.
Qe2 Bf5 19. Rh4 Rfe8 20. Qc2 Bxd3 21. Qxd3 Bxa3 22. Bxa3 Qxa3 23. Rd1 Nb4 24. Qf5 Qxb3 25. Rdxd4 Rxd4 26. Nxd4 Qxc4 27. Qxa5 Nc6 28. Qc7 Qc1+ 29.
Kh2 Qg5 30. Rg4 Qe5+ 31. Qxe5 Nxe5 32. Re4 Kf8 33. Nf5 Re6 34. f4 Ng4+ 0-1

[Event "Early-Titled-Tuesday-Blitz-October-10-2023"]
[Site "Chess.com"]
[Date "2023.10.10"]
[Round "9"]
[White "Zhigalko_Sergei"]
[Black "LangesNasenhaar"]
[Result "1-0"]
[WhiteElo "2915"]
[BlackElo "2553"]
[TimeControl "180+1"]
[EndTime "9:42:02 PDT"]
[Termination "Zhigalko_Sergei won by resignation"]

1. e4 Nc6 2. Nf3 d6 3. d4 Nf6 4. Nc3 g6 5. Bb5 Bg7 6. O-O O-O 7. h3 a6 8. Bxc6 bxc6 9. Re1 a5 10. Be3 a4 11. Qd2 a3 12. b3 Re8 13. Bh6 Bh8 14. Rad1 Bb7 15. e5 Nd5 16. Ne4 Qd7 17. c4 Nb6 18. Qb4 Reb8 19. Nfg5 Bc8 20. Nxf7 Qf5 21. Nxh8 Kxh8 22. exd6 cxd6 23. Nxd6 Qh5 24. Nf7+ Kg8 25.
Qxe7 Bf5 26. Qf6 1-0

[Event "Early-Titled-Tuesday-Blitz-October-10-2023"]
[Site "Chess.com"]
[Date "2023.10.10"]
[Round "9"]
[White "surrenderPLS"]
[Black "Witik"]
[Result "0-1"]
[WhiteElo "2510"]
[BlackElo "2685"]
[TimeControl "180+1"]
[EndTime "9:42:02 PDT"]
[Termination "Witik won by resignation"]

1. e4 c6 2. d4 d5 3. exd5 cxd5 4. Bd3 Nf6 5. h3 Nc6 6. c3 e5 7. dxe5 Nxe5 8. Nf3 Nxd3+ 9. Qxd3 Bd6 10. O-O O-O 11. Bg5 h6 12. Bh4 Re8 13. Nbd2 Be6 14. Nd4 Rc8 15.
Rfe1 Bb8 16. Re2 Bd7 17. Rae1 Rxe2 18. Rxe2 Qb6 19. Nf5 Kh8 20. Ne7 Rf8 21. Bxf6 Qxf6 22. Qxd5 Be6 23. Qxb7 Bd6 24. Nd5 Qg5 25. Ne4 Qc1+ 0-1

[Event "Early-Titled-Tuesday-Blitz-October-10-2023"]
[Site "Chess.com"]
[Date "2023.10.10"]
[Round "9"]
[White "Eagle_2019"]
[Black "Herman-NY"]
[Result "1-0"]
[WhiteElo "2732"]
[BlackElo "2545"]
[TimeControl "180+1"]
[EndTime "9:42:03 PDT"]
[Termination "Eagle_2019 won by resignation"]

1. d4 Nf6 2. Nf3 g6 3. g3 Bg7 4. Bg2 O-O 5. O-O d6 6. c4 c5 7. Nc3 Nc6 8. dxc5 dxc5 9. Bf4 Nh5 10. Be3 b6 11. Qc1 Bb7 12. Rd1 Qc8 13. Bh6 Qe6 14. Bxg7 Kxg7 15. Nd5 Rad8 16. Qc3+ Nf6 17. Ng5 Qc8 18.
e3 e5 19. Nxf6 Kxf6 20. Nxh7+ Kg7 21. Nxf8 1-0

[Event "Early-Titled-Tuesday-Blitz-October-10-2023"]
[Site "Chess.com"]
[Date "2023.10.10"]
[Round "9"]
[White "deribas12345"]
[Black "kleopl"]
[Result "1-0"]
[WhiteElo "2592"]
[BlackElo "2473"]
[TimeControl "180+1"]
[EndTime "9:42:17 PDT"]
[Termination "deribas12345 won by resignation"]

1. d4 Nf6 2. c4 e6 3. Nc3 Bb4 4. a3 Bxc3+ 5. bxc3 O-O 6. f3 d5 7.
e3 c5 8. Bd3 Nc6 9. cxd5 exd5 10.
Ne2 Re8 11. O-O Be6 12. g4 h6 13. Ra2 Nh7 14. Ng3 Qd7 15. h4 b6 16. Rh2 Qd6 17. Qc2 Qxg3+ 18. Rg2 Qxh4 19. Bxh7+ Kh8 20. Bf5 cxd4 21. cxd4 Rac8 22. Qd3 Qf6 23. Bxe6 Rxe6 24. g5 Qe7 25. e4 dxe4 26. fxe4 Rxe4 27. gxh6 Rxd4 28.
hxg7+ Kg8 29. Qh3 f5 30. Qh8+ 1-0

[Event "Early-Titled-Tuesday-Blitz-October-10-2023"]
[Site "Chess.com"]
[Date "2023.10.10"]
[Round "9"]
[White "stratacticos"]
[Black "KejJaj"]
[Result "0-1"]
[WhiteElo "1787"]
[BlackElo "2163"]
[TimeControl "180+1"]
[EndTime "9:42:21 PDT"]
[Termination "KejJaj won by resignation"]

1. b4 d5 2. Bb2 Bf5 3. d3 e6 4. a3 Nf6 5. Nf3 Bd6 6. Nbd2 O-O 7. e3 Nbd7 8. Be2 c5 9. b5 Qc7 10. h3 a6 11. c4 axb5 12. cxb5 h6 13. O-O Bg6 14. Nh4 Bh7 15. f4 Ra5 16. a4 Rfa8 17.
Nb3 Rxa4 18. Rxa4 Rxa4 19. Nxc5 Nxc5 20. Bxf6 gxf6 21. d4 Ra3 22. dxc5 Bxc5 23. Bh5 Bxe3+ 24. Kh1 Bxf4 25. Qg4+ Bg5 26. Nf3 Qf4 27. Nxg5 Qxf1+ 28. Kh2 fxg5 0-1

[Event "Early-Titled-Tuesday-Blitz-October-10-2023"]
[Site "Chess.com"]
[Date "2023.10.10"]
[Round "9"]
[White "Flaccidmoves"]
[Black "invisible_s0ul"]
[Result "1-0"]
[WhiteElo "2434"]
[BlackElo "2304"]
[TimeControl "180+1"]
[EndTime "9:42:24 PDT"]
[Termination "Flaccidmoves won by checkmate"]

1. Nf3 d5 2. c4 c6 3. d4 Nf6 4.
Nbd2 e6 5. e3 Bd6 6. Bd3 O-O 7.
O-O dxc4 8. Nxc4 Bc7 9. e4 c5 10.
dxc5 Nc6 11. e5 Nd5 12. Bxh7+ Kxh7 13. Ng5+ Kg6 14. Qg4 f5 15. Qg3 f4 16. Qg4 Kh6 17. Qh4+ Kg6 18. Qh7+ Kxg5 19. h4+ Kg4 20. f3+ Kg3 21.
Qg6+ Kxh4 22. Qg4# 1-0

[Event "Early-Titled-Tuesday-Blitz-October-10-2023"]
[Site "Chess.com"]
[Date "2023.10.10"]
[Round "9"]
[White "Quattroporte300"]
[Black "DanyKopy"]
[Result "1/2-1/2"]
[WhiteElo "2378"]
[BlackElo "2548"]
[TimeControl "180+1"]
[EndTime "9:42:32 PDT"]
[Termination "Game drawn by repetition"]

1. e4 c5 2. Nc3 Nc6 3. g3 g6 4.
Bg2 Bg7 5. Nge2 e6 6. O-O Nge7 7. d3 O-O 8. f4 d5 9. e5 b6 10.
Kh1 Bb7 11. a4 h5 12. Nb5 Nf5 13. Bd2 a6 14. Nbc3 Ncd4 15. Nxd4 cxd4 16. Ne2 Rc8 17. c3 dxc3 18. bxc3 a5 19. Nd4 Nxd4 20. cxd4 Ba6 21. Qb3 Rb8 22. Rfb1 b5 23. axb5 Rxb5 24. Qa3 a4 25.
Bb4 Re8 26. Qxa4 Rxb4 27. Rxb4 Bxd3 28. Qc6 Qc8 29. Rc1 Qxc6 30. Rxc6 Ra8 31. h4 Ra1+ 32. Kh2 Ra2 33. Kg1 Ra1+ 34. Kh2 Ra2 35. Kg1 Ra1+ 36. Kf2 Ra2+ 37. Kg1 1/2-1/2

[Event "Early-Titled-Tuesday-Blitz-October-10-2023"]
[Site "Chess.com"]
[Date "2023.10.10"]
[Round "9"]
[White "Vision_64"]
[Black "LUISMIGUELOV"]
[Result "0-1"]
[WhiteElo "2320"]
[BlackElo "2160"]
[TimeControl "180+1"]
[EndTime "9:42:32 PDT"]
[Termination "LUISMIGUELOV won by checkmate"]

1. e4 c6 2. d4 d5 3. exd5 cxd5 4. Bd3 Nc6 5. c3 Qc7 6. Ne2 Bg4 7. O-O Bxe2 8.
Qxe2 e6 9. f4 g6 10. f5 gxf5 11. Bxf5 O-O-O 12. Bd3 Bd6 13. Qh5 Rd7 14. Nd2 Nd8 15. Nf3 Ne7 16. Ne5 Bxe5 17. dxe5 Ng6 18. Re1 Nc6 19. Bxg6 fxg6 20. Qg5 Rf8 21. Bf4 Rf5 22. Qg3 Rdf7 23. Rf1 Qb6+ 24. Kh1 Qxb2 25. a4 Rxf4 26. Rfb1 Qxb1+ 27. Rxb1 Rf1+ 28. Rxf1 Rxf1# 0-1

[Event "Early-Titled-Tuesday-Blitz-October-10-2023"]
[Site "Chess.com"]
[Date "2023.10.10"]
[Round "9"]
[White "FMStan15"]
[Black "Witaliss"]
[Result "0-1"]
[WhiteElo "2105"]
[BlackElo "2325"]
[TimeControl "180+1"]
[EndTime "9:42:32 PDT"]
[Termination "Witaliss won on time"]

1. e4 c6 2. d4 d5 3. e5 c5 4. c3 Nc6 5. h3 Bf5 6. Nf3 e6 7. Bd3 Nge7 8. O-O Qb6 9. dxc5 Qxc5 10. Be3 Qa5 11. b4 Qc7 12. Bf4 Bxd3 13. Qxd3 Ng6 14.
Bg3 Be7 15. Re1 O-O 16. Nbd2 Rac8 17. Nb3 Qb6 18. Rac1 a5 19. b5 Nb8 20. a4 Nd7 21. h4 Rc4 22. h5 Nf4 23. Bxf4 Rxf4 24. Nbd4 Nc5 25. Qd2 Re4 26. Rxe4 Nxe4 27. Qe3 h6 28.
Nf5 Bc5 29. N5d4 Rc8 30. Qd3 Bxd4 31. Nxd4 Rc4 32. f3 Nxc3 33. Rxc3 Qxd4+ 34. Qxd4 Rxd4 35. Rc8+ Kh7 36. Rb8 Rxa4 37. Rxb7 Rb4 38. Rb6 a4 0-1

[Event "Early-Titled-Tuesday-Blitz-October-10-2023"]
[Site "Chess.com"]
[Date "2023.10.10"]
[Round "9"]
[White "Karttunen"]
[Black "DvaHrasta"]
[Result "0-1"]
[WhiteElo "2615"]
[BlackElo "2452"]
[TimeControl "180+1"]
[EndTime "9:42:33 PDT"]
[Termination "DvaHrasta won by resignation"]

1. e4 c6 2. d4 d5 3. e5 c5 4.
dxc5 e6 5. Nf3 Bxc5 6. Bd3 Ne7 7. a3 a5 8. Nc3 Bd7 9. Nb5 Ng6 10. O-O O-O 11. Bg5 Qb6 12. a4 Nc6 13. Qe2 Rfc8 14. c3 Na7 15. h4 h6 16. Bd2 Nxb5 17. axb5 a4 18. h5 Ne7 19. g4 Ra5 20. c4 dxc4 21.
Bc2 Rxb5 22. Qe4 Rxb2 23. Qh7+ Kf8 24. Qh8+ Ng8 25. Bh7 Qc6 26. Qxg8+ Ke7 27. Qxg7 Qxf3 28. Bxh6 Bc6 29. Bg5+ Kd7 30. Rfd1+ Kc7 0-1

[Event "Early-Titled-Tuesday-Blitz-October-10-2023"]
[Site "Chess.com"]
[Date "2023.10.10"]
[Round "9"]
[White "KamlaPasand"]
[Black "Alina_Gumerovna"]
[Result "1-0"]
[WhiteElo "2459"]
[BlackElo "2125"]
[TimeControl "180+1"]
[EndTime "9:42:33 PDT"]
[Termination "KamlaPasand won by resignation"]

1. e4 e6 2. d4 d5 3. exd5 exd5 4. Nf3 Bd6 5. c4 dxc4 6. Bxc4 Ne7 7. O-O O-O 8. Nc3 c6 9. Re1 Bf5 10. h3 h6 11. g4 Bh7 12. a4 Nd7 13. Qb3 Nb6 14. Bf1 Qc7 15. Ne5 Nbd5 16. Bg2 Nxc3 17. bxc3 Bxe5 18. dxe5 Rad8 19. Ba3 Rfe8 20. f4 Nd5 21. f5 Rxe5 22. c4 Rxe1+ 23. Rxe1 Nf4 24. Bf1 c5 25. Qe3 g6 26. Bxc5 b6 27. Bd4 Rxd4 28. Qxd4 Qc5 29. Re8+ 1-0

[Event "Early-Titled-Tuesday-Blitz-October-10-2023"]
[Site "Chess.com"]
[Date "2023.10.10"]
[Round "9"]
[White "Zurability"]
[Black "WindWhistler11"]
[Result "1-0"]
[WhiteElo "2722"]
[BlackElo "2488"]
[TimeControl "180+1"]
[EndTime "9:42:34 PDT"]
[Termination "Zurability won on time"]

1. b4 d6 2. Bb2 Nd7 3. c4 e5 4.
e3 g6 5. d4 Bg7 6. Nf3 Ne7 7.
Nc3 O-O 8. Be2 h6 9. O-O f5 10. dxe5 dxe5 11. c5 Kh7 12. Bc4 a6 13. e4 Qe8 14.
Re1 f4 15. Nd5 Qd8 16. Qd2 g5 17. h3 Ng6 18. Rad1 h5 19. Nxc7 Qxc7 20. Nxg5+ Kh6 21.
Ne6 Qc6 22. Nxf8 Ndxf8 23. Qd6 f3 24. Qxc6 bxc6 25. Rd6 fxg2 26. Rxc6 Kh7 27. Rc7 Bxh3 28. f4 Be6 29. Bd5 1-0

[Event "Early-Titled-Tuesday-Blitz-October-10-2023"]
[Site "Chess.com"]
[Date "2023.10.10"]
[Round "9"]
[White "Alex_Sahakyan2006"]
[Black "Riku-gan"]
[Result "1/2-1/2"]
[WhiteElo "2721"]
[BlackElo "2838"]
[TimeControl "180+1"]
[EndTime "9:42:37 PDT"]
[Termination "Game drawn by repetition"]

1. d4 Nf6 2. Nf3 e6 3. Bf4 c5 4. e3 Nc6 5. Nbd2 d5 6. c3 Bd6 7. Bg3 O-O 8. Bd3 b6 9. e4 Nh5 10. e5 Be7 11. Qe2 g6 12. Nf1 cxd4 13. cxd4 Nb4 14.
N1d2 a5 15. O-O Nxd3 16. Qxd3 Ba6 17. Qe3 Bxf1 18. Nxf1 Ng7 19. Bf4 Nf5 20. Qd3 h5 21. h3 h4 22. N1h2 f6 23. exf6 Bxf6 24. Ng4 Kg7 25. Nxf6 Rxf6 26. Be5 Kg8 27. Bxf6 Qxf6 28. Rc1 Nd6 29. Rc6 Ne4 30. Qe3 Rf8 31. Rc7 g5 32. Qc1 b5 33. Rc8 a4 34. Rxf8+ Qxf8 35. Qc6 Qf7 36. Qxb5 Qc7 37. Qe8+ Kg7 38. Qxe6 Qc1+ 39. Kh2 Qf4+ 40. Kh1 Qc1+ 41. Kh2 Qf4+ 42. Kg1 Qc1+ 43. Kh2 1/2-1/2

[Event "Early-Titled-Tuesday-Blitz-October-10-2023"]
[Site "Chess.com"]
[Date "2023.10.10"]
[Round "9"]
[White "Virgo15"]
[Black "Lady_Nika"]
[Result "1-0"]
[WhiteElo "2734"]
[BlackElo "2554"]
[TimeControl "180+1"]
[EndTime "9:42:39 PDT"]
[Termination "Virgo15 won by checkmate"]

1. d4 d5 2. Bf4 e6 3. e3 Bd6 4.
Bg3 f5 5. Nf3 Nf6 6. Nbd2 Qe7 7.
Bxd6 Qxd6 8. Ne5 Nbd7 9. f4 O-O 10. Bd3 Ne4 11. Nxe4 fxe4 12. Be2 Nxe5 13. dxe5 Qb4+ 14. Qd2 Qxb2 15. O-O Qa3 16. c4 c6 17. Rab1 Rb8 18. Qd4 c5 19. Qd2 Rd8 20. f5 d4 21. Rb3 Qa6 22.
f6 d3 23. Bd1 Qxc4 24. Qf2 Rf8 25. Qh4 Bd7 26. Bh5 d2 27. Qg5 g6 28. Bxg6 Qxf1+ 29. Kxf1 d1=Q+ 30. Kf2 Qd2+ 31. Kg3 Qe1+ 32. Kh3 Kh8 33. Qh6 Rxf6 34. Qxh7# 1-0

[Event "Early-Titled-Tuesday-Blitz-October-10-2023"]
[Site "Chess.com"]
[Date "2023.10.10"]
[Round "9"]
[White "Agibileg"]
[Black "secretsuperstar7"]
[Result "0-1"]
[WhiteElo "2689"]
[BlackElo "2461"]
[TimeControl "180+1"]
[EndTime "9:42:39 PDT"]
[Termination "secretsuperstar7 won by checkmate"]

1. d4 Nf6 2. c4 e6 3. Nc3 b6 4. e4 Bb7 5. f3 d5 6. cxd5 exd5 7. e5 Nfd7 8. Bb5 c5 9. Nge2 cxd4 10. Nxd4 Bc5 11. f4 Qh4+ 12. g3 Qh3 13. Bf1 Qh6 14.
f5 g5 15. e6 Ne5 16. h4 Bxd4 17. Bxg5 Qg7 18. Bb5+ Nbc6 19. Nxd5 O-O 20. e7 Rfc8 21. Nf6+ Kh8 22. Nh5 Nf3+ 23. Qxf3 Qe5+ 24. Kf1 Qxb5+ 25. Qe2 Qxf5+ 26. Kg2 Ne5+ 27. Kh2 Nf3+ 28. Kg2 Ng1+ 29. Kh2 Qh3# 0-1

[Event "Early-Titled-Tuesday-Blitz-October-10-2023"]
[Site "Chess.com"]
[Date "2023.10.10"]
[Round "9"]
[White "SmirnovAlexandrA"]
[Black "Drags95"]
[Result "0-1"]
[WhiteElo "2639"]
[BlackElo "2858"]
[TimeControl "180+1"]
[EndTime "9:42:40 PDT"]
[Termination "Drags95 won by resignation"]

1. e4 c5 2. Nf3 e6 3. d4 cxd4 4. Nxd4 Nc6 5. Nc3 Qc7 6. g3 a6 7.
Bg2 Nf6 8. O-O Nxd4 9. Qxd4 Bc5 10. Qd3 h6 11. Bf4 d6 12. Rad1 e5 13. Be3 Be6 14.
Bxc5 dxc5 15. Nd5 Bxd5 16. exd5 Qd6 17. c4 O-O 18. Rfe1 Rae8 19. a4 Re7 20. Re2 g6 21. Rde1 Kg7 22. Qc3 Rfe8 23. Bh3 h5 24. Qe3 b5 25. axb5 axb5 26. b3 Ra7 27. Qg5 e4 28. Bg2 Ra3 29. Re3 Ng4 30. Rxe4 Rxe4 31. Bxe4 Rxb3 32.
cxb5 Rxb5 33. h3 Nf6 34. Bf3 c4 35. Rc1 Qc5 36. Kg2 Rb2 37. Rf1 c3 38. Qc1 Rd2 39.
Qe1 Qd4 0-1

[Event "Early-Titled-Tuesday-Blitz-October-10-2023"]
[Site "Chess.com"]
[Date "2023.10.10"]
[Round "9"]
[White "Irishchessman16"]
[Black "Let_it_be_1"]
[Result "0-1"]
[WhiteElo "2451"]
[BlackElo "2555"]
[TimeControl "180+1"]
[EndTime "9:42:41 PDT"]
[Termination "Let_it_be_1 won by resignation"]

1. c4 e6 2. Nf3 d5 3. e3 Nf6 4. Nc3 Be7 5. b3 O-O 6. Bb2 c5 7. cxd5 exd5 8. d4 Nc6 9. Be2 cxd4 10. Nxd4 Bc5 11. Nxc6 bxc6 12. O-O Bd6 13. Bf3 Bb7 14. Rc1 c5 15. Nb5 Bb8 16. Bxf6 Qxf6 17. Bxd5 Qe5 18. f4 Qxd5 19. Qxd5 Bxd5 20. Rxc5 Be4 21.
Rd1 a6 22. Nc3 Bg6 23. f5 Ba7 24. Re5 f6 25. Ra5 Bxe3+ 26. Kf1 Be8 27. Nd5 Bh6 28.
a4 Bf7 29. Nc7 Ra7 30. Nxa6 Rfa8 31. g4 Bxb3 0-1

[Event "Early-Titled-Tuesday-Blitz-October-10-2023"]
[Site "Chess.com"]
[Date "2023.10.10"]
[Round "9"]
[White "FERNANDEZL1983"]
[Black "LuisFSiles"]
[Result "1-0"]
[WhiteElo "2508"]
[BlackElo "2336"]
[TimeControl "180+1"]
[EndTime "9:42:43 PDT"]
[Termination "FERNANDEZL1983 won on time"]

1. d4 Nf6 2. Bf4 g6 3. Nc3 d5 4. e3 c6 5. h3 Bg7 6. Nf3 b5 7. Bd3 Bf5 8. O-O b4 9. Na4 Nbd7 10. Ne5 Nxe5 11. Bxe5 O-O 12. Qf3 Be4 13. Qe2 Nd7 14. Bxg7 Kxg7 15. Bxe4 dxe4 16. Qc4 Nb6 17.
Qxb4 Qd6 18. Qa5 Rfb8 19. b3 Nxa4 20. Qxa4 Rb4 21. Qa5 Rb5 22. Qc3 Rg5 23. d5+ Kg8 24. Qxc6 Rxd5 25. Qxa8+ 1-0

[Event "Early-Titled-Tuesday-Blitz-October-10-2023"]
[Site "Chess.com"]
[Date "2023.10.10"]
[Round "9"]
[White "lefonghua"]
[Black "zverr1"]
[Result "1-0"]
[WhiteElo "2612"]
[BlackElo "2501"]
[TimeControl "180+1"]
[EndTime "9:42:45 PDT"]
[Termination "lefonghua won by checkmate"]

1. d4 Nf6 2. c4 e6 3. Nc3 d5 4.
cxd5 exd5 5. Bg5 Be7 6. e3 c6 7.
Bd3 O-O 8. Qc2 Nbd7 9. Nge2 Re8 10. O-O Nf8 11. f3 b5 12. Rad1 Qb6 13. Bh4 a6 14. Bf2 c5 15. dxc5 Bxc5 16. Nd4 Ne6 17. Nce2 Bd7 18.
Qd2 Rad8 19. Rc1 g6 20. Nb3 Bf8 21. Ned4 Nxd4 22. exd4 Nh5 23. Nc5 Bc8 24. g4 Nf4 25.
Qxf4 Bd6 26. Qd2 Qb8 27. Rce1 Bxh2+ 28. Kg2 Bf4 29. Qd1 Qd6 30. Rxe8+ Rxe8 31. Re1 Rf8 32. Qe2 Bg5 33. Bg3 Qf6 34. Qe5 Qd8 35. Qd6 Qa5 36. Re2 Qxa2 37. b3 Qa1 38. Qxd5 Bf6 39. Be5 Rd8 40.
Qe4 Bh4 41. d5 Qd1 42. Bc3 Qc1 43. Qe8+ Rxe8 44. Rxe8# 1-0

[Event "Early-Titled-Tuesday-Blitz-October-10-2023"]
[Site "Chess.com"]
[Date "2023.10.10"]
[Round "9"]
[White "tdf98pantani"]
[Black "Alexander_Donchenko"]
[Result "0-1"]
[WhiteElo "2655"]
[BlackElo "2854"]
[TimeControl "180+1"]
[EndTime "9:42:46 PDT"]
[Termination "Alexander_Donchenko won by resignation"]

1. e4 c6 2. d4 d5 3. e5 Bf5 4. h4 h5 5. c4 e6 6. Nc3 dxc4 7. Bxc4 Nd7 8. Nge2 Be7 9. g3 Nh6 10. O-O g5 11. hxg5 Bxg5 12. Bxg5 Qxg5 13. Nf4 h4 14. Qh5 Rg8 15. Qxg5 Rxg5 16. Kg2 hxg3 17. fxg3 O-O-O 18. Rh1 Ng4 19. Be2 Nb6 20. Bxg4 Rxg4 21.
Rad1 Rdg8 22. Nce2 Be4+ 23. Kf2 Bxh1 24. Rxh1 Nd5 25.
Rh7 Nxf4 26. gxf4 R4g7 27. Rh2 Kc7 28. Kf3 a5 29. b3 b5 30. a3 Kb6 31. Kf2 c5 32.
dxc5+ Kxc5 33. Rh1 Rd8 34. Rc1+ Kb6 35. Ke3 Rh7 36.
Nd4 Rd5 37. Rc6+ Kb7 38. Rc2 Rh3+ 39. Ke4 Rh1 40. Rd2 Re1+ 41. Kf3 Ra1 42. Ke4 Rxa3 43.
f5 a4 44. fxe6 fxe6 45. Rh2 Rxd4+ 46. Kxd4 Rxb3 47. Kc5 a3 48. Rh7+ Ka6 49. Rh6 b4 50. Rxe6+ Ka5 51. Re8 Rc3+ 52. Kd4 Ka4 53. e6 Kb3 54. e7 Rc7 0-1

[Event "Early-Titled-Tuesday-Blitz-October-10-2023"]
[Site "Chess.com"]
[Date "2023.10.10"]
[Round "9"]
[White "DeArron_Fox"]
[Black "emeli_chess"]
[Result "0-1"]
[WhiteElo "2516"]
[BlackElo "2405"]
[TimeControl "180+1"]
[EndTime "9:42:47 PDT"]
[Termination "emeli_chess won on time"]

1. d4 Nf6 2. c4 e6 3. Nf3 d5 4. e3 Nc6 5. Nc3 Bd6 6. Bd3 dxc4 7. Bxc4 O-O 8. O-O e5 9. Qc2 a6 10. a3 h6 11. h3 exd4 12. exd4 Ne7 13. Re1 c6 14. Ne5 Ned5 15. Bd2 Re8 16. Rad1 Be6 17. Ne4 Nxe4 18. Qxe4 Nf6 19. Qc2 Bxc4 20. Qxc4 Nd5 21.
Nd3 Qf6 22. Rxe8+ Rxe8 23. Re1 Rxe1+ 24. Nxe1 Qf5 25. Qd3 Qe6 26. Nf3 Nf6 27. Bc3 Qd5 28.
Qe3 Ne4 29. Ne5 Bxe5 30. dxe5 Nc5 31. Kh2 Ne6 32. f4 g6 0-1